[Event "Titled Tuesday Blitz August 31 2021"]
[White "Sokolin, Leonid"]
[Black "Papasimakopoulos, Alexandros"]
[WhiteFideId "2009161"]
[BlackFideId "4244125"]
[WhiteElo "2394"]
[BlackElo "2352"]
[Result "0-1"]
[Round "06"]
[TimeControl "180+1"]
[Date "2021.08.31"]
[WhiteClock "0:00:14"]
[BlackClock "0:00:28"]

1. e4 e6 2. d4 d5 3. Nd2 Nf6 4. e5 Nfd7 5. Bd3 c5 6. c3 Nc6 7. Ne2 cxd4 8. cxd4 f6 9. Nf4 Nxd4 10. Qh5+ Ke7 11. Ng6+ hxg6 12. exf6+ Nxf6 13. Qxh8 Kf7 14. O-O e5 15. Nb3 Nxb3 16. axb3 Bf5 17. Bxf5 gxf5 18. Qh3 g6 19. Bg5 Be7 20. Rfd1 d4 21. Rac1 Qd6 22. Qd3 Rd8 23. Qc4+ Kg7 24. Qc7 Rd7 25. Qxd6 Bxd6 26. f3 Kf7 27. h4 Nd5 28. Kf1 Be7 29. Ke2 Bxg5 30. hxg5 Ke6 31. Rc8 Nf4+ 32. Kf2 e4 33. fxe4 fxe4 34. Rf8 Ke5 35. g3 Nh3+ 36. Ke2 Nxg5 37. Rc1 Ne6 38. Re8 Rh7 39. Rc5+ Kd6 40. Rb5 Rh2+ 41. Kd1 e3 42. Rxb7 d3 43. Rxe6+ Kxe6 0-1


[Site "https://www.chess.com"]

[Event "Titled Tuesday Blitz August 31 2021"]
[White "Solon, Nathan"]
[Black "Tologon tegin, Semetei"]
[WhiteFideId "2017229"]
[BlackFideId "13800574"]
[WhiteElo "2650"]
[BlackElo "2224"]
[Result "1-0"]
[Round "06"]
[TimeControl "180+1"]
[Date "2021.08.31"]
[WhiteClock "0:00:42"]
[BlackClock "0:00:02"]

1. d4 Nf6 2. c4 g6 3. g3 d5 4. cxd5 Nxd5 5. e4 Nb6 6. Bg2 Bg7 7. Ne2 O-O 8. O-O Nc6 9. d5 Ne5 10. Nbc3 c6 11. b3 cxd5 12. exd5 Bg4 13. h3 Bf3 14. Be3 Rc8 15. Rc1 Qd7 16. Qd2 Rfd8 17. Nf4 g5 18. Bxb6 axb6 19. Nfe2 h6 20. Nd4 Bxg2 21. Kxg2 Rxc3 22. Qxc3 Qxd5+ 23. Nf3 Nd3 24. Qc7 e5 25. Rfd1 e4 26. Ne1 e3+ 27. f3 Nxe1+ 28. Rxe1 Qd2+ 29. Kh1 Re8 30. Qc2 Qd5 31. Qe2 Bd4 32. Red1 Qe5 33. Kg2 Bc5 34. Rc4 Bd6 35. f4 gxf4 36. Rxf4 Kh8 37. Rdd4 Bc5 38. Rd7 Re7 39. Rxe7 Qxe7 40. Kf1 Qe6 41. Qh5 Kg7 42. Ke2 Qd7 43. Qg4+ Qxg4+ 44. Rxg4+ Kf6 45. b4 Bd6 46. Kxe3 Ke6 47. Rg8 Bxb4 48. Rb8 Bc5+ 49. Ke4 Bd6 50. Rxb7 Bc5 51. g4 Kf6 52. Rb8 Kg5 53. Rb7 1-0


[Site "https://www.chess.com"]

[Event "Titled Tuesday Blitz August 31 2021"]
[White "Suarez Uriel, Adrian"]
[Black "Trent, Lawrence"]
[WhiteFideId "22230874"]
[BlackFideId "408638"]
[WhiteElo "2300"]
[BlackElo "2474"]
[Result "1-0"]
[Round "06"]
[TimeControl "180+1"]
[Date "2021.08.31"]
[WhiteClock "0:00:39"]
[BlackClock "0:00:19"]

1. e4 b6 2. d4 Bb7 3. Bd3 e6 4. Qe2 a5 5. Nf3 Nf6 6. O-O Be7 7. c4 Nc6 8. Nc3 d6 9. Bg5 e5 10. d5 Nb4 11. Nh4 g6 12. g3 Bc8 13. Ng2 Bh3 14. f3 h6 15. Be3 h5 16. a3 Nxd3 17. Qxd3 Bxg2 18. Kxg2 h4 19. g4 Nh7 20. h3 Bg5 21. f4 Bxf4 22. Bxf4 exf4 23. Rxf4 Qe7 24. Raf1 Ng5 25. Nb5 O-O 26. Rf6 Nxe4 27. R6f4 Ng5 28. Nd4 Rae8 29. R1f2 Qe3 30. Qxe3 Rxe3 31. Nf3 Nxf3 32. R2xf3 Rxf3 33. Kxf3 f6 34. Re4 Kf7 35. g5 fxg5 36. Kg4 Kf6 37. Re6+ Kg7 38. Kxg5 Rf5+ 39. Kg4 Re5 40. Rxe5 dxe5 41. Kxh4 Kf6 42. Kg4 g5 43. Kf3 a4 44. Ke4 1-0


[Site "https://www.chess.com"]

[Event "Titled Tuesday Blitz August 31 2021"]
[White "Svane, Frederik"]
[Black "Khoroshev, Nikita"]
[WhiteFideId "12923044"]
[BlackFideId "14200287"]
[WhiteElo "2459"]
[BlackElo "2328"]
[Result "1-0"]
[Round "06"]
[TimeControl "180+1"]
[Date "2021.08.31"]
[WhiteClock "0:00:05"]
[BlackClock "0:00:07"]

1. e4 e5 2. Nf3 Nc6 3. Bb5 Nf6 4. O-O Nxe4 5. Re1 Nd6 6. Nxe5 Nxe5 7. Rxe5+ Be7 8. Bf1 O-O 9. d4 Ne8 10. Bd3 Nf6 11. c4 d6 12. Re1 d5 13. Nc3 c6 14. Bf4 Be6 15. c5 Re8 16. b4 a6 17. a4 Nd7 18. Qc2 g6 19. b5 Bf6 20. bxc6 bxc6 21. Ne2 Bg4 22. Be3 Bg5 23. Ng3 Bxe3 24. fxe3 Qg5 25. Qf2 h5 26. h3 h4 27. hxg4 hxg3 28. Qxg3 Nf6 29. Qf4 Qh4 30. g5 Ng4 31. Rf1 Re7 32. Rf3 Rae8 33. Rh3 Re4 34. Rxh4 Rxf4 35. exf4 Ne3 36. Re1 Re6 37. Rh3 Nf5 38. Rxe6 fxe6 39. Bxf5 1-0


[Site "https://www.chess.com"]

[Event "Titled Tuesday Blitz August 31 2021"]
[White "Tanenbaum, Zachary"]
[Black "Baches Garcia, Guillermo"]
[WhiteFideId "2060850"]
[BlackFideId "2209764"]
[WhiteElo "2165"]
[BlackElo "2514"]
[Result "1/2-1/2"]
[Round "06"]
[TimeControl "180+1"]
[Date "2021.08.31"]
[WhiteClock "0:00:22"]
[BlackClock "0:00:03"]

1. e4 c5 2. Nf3 d6 3. d4 cxd4 4. Nxd4 Nf6 5. Nc3 Nc6 6. Bg5 e6 7. Bb5 Bd7 8. Qd3 h6 9. Bh4 Qb6 10. O-O-O Nxd4 11. Bxd7+ Nxd7 12. Qxd4 Qxd4 13. Rxd4 a6 14. Bg3 e5 15. Rd2 Nf6 16. Bh4 g5 17. Bg3 Rc8 18. f3 h5 19. h4 g4 20. Kb1 gxf3 21. gxf3 Rg8 22. Bf2 Kd7 23. Be3 Ke6 24. Rhd1 Rg3 25. Rf1 Be7 26. Bg5 b5 27. Rh2 Rxc3 28. bxc3 Nd7 29. f4 exf4 30. Bxe7 Kxe7 31. Rxf4 Rxc3 32. Rf5 Ne5 33. Rxh5 Re3 34. Rg5 Nf3 35. Rgg2 Nxh2 36. Rxh2 Rxe4 37. h5 Kf8 38. h6 Kg8 39. Rg2+ Kh7 40. Rg7+ Kxh6 41. Rxf7 Kg6 42. Ra7 Ra4 43. Rd7 Rd4 44. c3 Rd5 45. Ra7 Rc5 46. Kc2 Kf6 47. Rxa6 Ke5 48. Kb3 Kd5 49. Rb6 Ke6 50. Kb4 Rc4+ 51. Kxb5 Rxc3 52. a4 Rb3+ 53. Kc6 Rxb6+ 54. Kxb6 d5 55. a5 d4 56. a6 d3 57. a7 d2 58. a8=Q d1=Q 59. Qe8+ Kf6 60. Qf8+ Kg6 61. Qg8+ Kh6 62. Qe6+ Kh7 63. Qf5+ Kh8 64. Qc8+ Kh7 65. Qc7+ Kh8 66. Kb7 Qh5 67. Kc8 Qe8+ 68. Qd8 Qxd8+ 69. Kxd8 1/2-1/2


[Site "https://www.chess.com"]

[Event "Titled Tuesday Blitz August 31 2021"]
[White "Tarigan, Gilbert Elroy"]
[Black "Sadhwani, Raunak"]
[WhiteFideId "7108133"]
[BlackFideId "35093487"]
[WhiteElo "1908"]
[BlackElo "2514"]
[Result "1-0"]
[Round "06"]
[TimeControl "180+1"]
[Date "2021.08.31"]
[WhiteClock "0:00:05"]
[BlackClock "0:00:08"]

1. c4 e5 2. Nc3 Nc6 3. Nf3 Bc5 4. Nxe5 Bxf2+ 5. Kxf2 Nxe5 6. e3 Nxc4 7. Qg4 Qf6+ 8. Kg1 Ne5 9. Qg3 Ne7 10. d4 N5g6 11. Qxc7 O-O 12. Bd3 d5 13. Bd2 Bf5 14. Rf1 Qe6 15. Be2 Rfc8 16. Qg3 a6 17. h4 h6 18. h5 Nf8 19. Rh4 Nd7 20. Rhf4 Nf6 21. Qh4 Rf8 22. g4 Bh7 23. Rxf6 gxf6 24. Rxf6 Qd7 25. Rxh6 f6 26. Rxf6 Rxf6 27. Qxf6 Rf8 28. Qg5+ Kh8 29. Qe5+ Kg8 30. e4 Nc6 31. Qg5+ Qg7 32. Qxd5+ Kh8 33. Be3 Rd8 34. Qg5 Qxg5 35. Bxg5 Re8 36. Bf6+ Kg8 37. Bc4+ Kf8 38. g5 Bg8 39. Bxg8 Kxg8 40. g6 Ne7 41. Bxe7 Rxe7 42. Nd5 Re6 43. e5 Kg7 44. Kg2 Kh6 45. Kf3 Re8 46. Nf4 Rc8 47. Ke4 Rc2 48. d5 Rxb2 49. d6 Rxa2 50. d7 Rd2 51. Nd5 1-0


[Site "https://www.chess.com"]

[Event "Titled Tuesday Blitz August 31 2021"]
[White "Timmermans, Mark"]
[Black "Vlassov, Nikolai"]
[WhiteFideId "1026399"]
[BlackFideId "4103360"]
[WhiteElo "2460"]
[BlackElo "2407"]
[Result "1-0"]
[Round "06"]
[TimeControl "180+1"]
[Date "2021.08.31"]
[WhiteClock "0:00:47"]
[BlackClock "0:00:02"]

1. b4 Nf6 2. Bb2 e6 3. b5 d5 4. a4 Bd6 5. e3 O-O 6. c4 c6 7. Nf3 Nbd7 8. Be2 e5 9. d4 e4 10. Nfd2 Re8 11. Nc3 Nf8 12. Qb3 Be6 13. a5 a6 14. c5 Be7 15. bxa6 bxa6 16. Qc2 h5 17. Na4 Ra7 18. Nb6 Bg4 19. Bf1 Ng6 20. Nb1 h4 21. h3 Bh5 22. Nc3 Nh7 23. Na2 f5 24. Nb4 Qc7 25. Qa4 f4 26. Qxc6 fxe3 27. Qxe8+ Bf8 28. Qe6+ Kh8 29. N4xd5 exf2+ 30. Kd2 Qg3 31. Ra3 Qg5+ 32. Re3 Nf4 33. Nxf4 Qxf4 34. Qxe4 Qf7 35. Bc4 Qf6 36. Qe6 Qxe6 37. Bxe6 Ng5 38. c6 Bd6 39. Nd5 Be8 40. c7 Bxc7 41. Nxc7 Rxc7 42. Rf1 Bc6 43. Rxf2 Ne4+ 44. Rxe4 Bxe4 45. Rf8+ Kh7 46. Bf5+ Bxf5 47. Rxf5 Kg6 48. Rc5 Rb7 49. Bc3 Rb3 50. Rc6+ Kf5 51. Rxa6 Ra3 52. Rb6 Ra2+ 53. Rb2 Ra1 54. Kd3 Rd1+ 55. Rd2 1-0


[Site "https://www.chess.com"]

[Event "Titled Tuesday Blitz August 31 2021"]
[White "Tokman, Ariel"]
[Black "Nazaretyan, Tigran"]
[WhiteFideId "117420"]
[BlackFideId "24162345"]
[WhiteElo "2345"]
[BlackElo "2167"]
[Result "1-0"]
[Round "06"]
[TimeControl "180+1"]
[Date "2021.08.31"]
[WhiteClock "0:00:18"]
[BlackClock "0:00:13"]

1. Nf3 Nf6 2. c4 g6 3. b3 Bg7 4. Bb2 O-O 5. e3 c5 6. Be2 Nc6 7. O-O b6 8. a3 Bb7 9. d3 Re8 10. Nbd2 e5 11. Ra2 d5 12. cxd5 Nxd5 13. Qa1 Qe7 14. Rc1 Rad8 15. Nc4 f5 16. Bf1 g5 17. e4 fxe4 18. dxe4 Nf4 19. Ne3 Bc8 20. b4 Nd4 21. Bxd4 cxd4 22. Bc4+ Kh8 23. Nd5 Nxd5 24. Bxd5 g4 25. Nd2 Rf8 26. Nf1 Rf4 27. Rac2 Ba6 28. Ng3 Qf8 29. Qa2 Bh6 30. Rd1 d3 31. Rc7 Rf6 32. Nf5 Rxf5 33. exf5 Qd6 34. Rxa7 Bb5 35. Be4 Rd7 36. Ra8+ Rd8 37. Rxd8+ Qxd8 38. Qe6 Bg7 39. f6 Bxf6 40. Qf5 Kg7 41. Qxh7+ Kf8 42. Bxd3 Bxd3 43. Qxd3 Qc7 44. Qe4 Qc8 45. g3 Ke7 46. a4 Bg7 47. Qd5 Qe6 48. Qxe6+ Kxe6 49. Kf1 e4 50. Ke2 Bc3 51. Ke3 Bxb4 52. Kxe4 Bc5 53. Rd2 Bb4 54. Rc2 Kd6 55. Kf4 Kd5 56. Kxg4 Ke4 57. f3+ Kd3 58. Rc8 Ba5 59. f4 Ke4 60. f5 Ke5 61. h4 Kf6 62. Rc6+ Kg7 63. Re6 Kf7 64. Rc6 Kg7 65. h5 Kf7 66. h6 Kg8 67. Kh5 Kh7 68. g4 Kg8 69. g5 Bd2 70. Rc8+ Kf7 71. g6+ Kf6 72. h7 Kg7 73. Rg8+ Kf6 74. h8=Q+ Kxf5 75. Rf8+ Ke4 76. Re8+ Kd3 77. Rd8+ Kc2 78. Rxd2+ Kxd2 79. Qd4+ Kc2 80. Qxb6 Kd3 81. g7 Ke4 82. g8=Q 1-0


[Site "https://www.chess.com"]

[Event "Titled Tuesday Blitz August 31 2021"]
[White "Ulko, Jaroslav"]
[Black "Tomiello, Mateus Costamilan"]
[WhiteFideId "4116658"]
[BlackFideId "22701958"]
[WhiteElo "2304"]
[BlackElo "1975"]
[Result "0-1"]
[Round "06"]
[TimeControl "180+1"]
[Date "2021.08.31"]
[WhiteClock "0:00:02"]
[BlackClock "0:00:03"]

1. d4 Nf6 2. Nf3 d5 3. c4 c6 4. Nc3 e6 5. Bg5 h6 6. Bxf6 Qxf6 7. e3 Nd7 8. Qc2 Qd8 9. Bd3 Nf6 10. O-O Be7 11. Rad1 O-O 12. Ne5 a5 13. cxd5 exd5 14. h3 Bd6 15. f4 Re8 16. g4 h5 17. g5 Ne4 18. Qg2 Bxe5 19. dxe5 Nxc3 20. bxc3 g6 21. c4 Qb6 22. cxd5 Qxe3+ 23. Kh2 cxd5 24. Bb5 Rd8 25. Rxd5 Rxd5 26. Qxd5 Qxh3+ 27. Kg1 Qg3+ 28. Qg2 Qxg2+ 29. Kxg2 Be6 30. Rc1 Rc8 31. Rd1 Rc2+ 32. Kg3 Rxa2 33. Rd8+ Kg7 34. Rb8 Bd5 35. Rd8 Ra3+ 36. Kh2 Be6 37. Rb8 h4 38. Rxb7 Ra2+ 39. Kg1 h3 40. Bc6 h2+ 41. Kh1 Rc2 42. Be4 Re2 43. Bc6 Rf2 44. Ra7 Rxf4 45. Kxh2 Rf5 46. Rxa5 Rxg5 47. Bf3 Rf5 48. Kg3 g5 49. Bg4 Rf4 50. Bxe6 fxe6 51. Ra8 Kg6 0-1


[Site "https://www.chess.com"]

[Event "Titled Tuesday Blitz August 31 2021"]
[White "Urjubdshzirov, Erdni"]
[Black "Pert, Richard G"]
[WhiteFideId "4186451"]
[BlackFideId "404748"]
[WhiteElo "2425"]
[BlackElo "2441"]
[Result "0-1"]
[Round "06"]
[TimeControl "180+1"]
[Date "2021.08.31"]
[WhiteClock "0:00:06"]
[BlackClock "0:00:10"]

1. e4 d5 2. exd5 Nf6 3. Nc3 Nxd5 4. Nge2 Nf6 5. d4 Bf5 6. Ng3 Bg6 7. Bg5 h6 8. Bxf6 exf6 9. Qe2+ Be7 10. O-O-O O-O 11. Qf3 Nc6 12. Nd5 Bd6 13. c3 Re8 14. Bd3 a5 15. Nf5 Bf8 16. Nde3 a4 17. h4 Ra5 18. h5 Bh7 19. g4 a3 20. b3 Qd7 21. Rhe1 Raa8 22. Be4 Na5 23. Nc2 c6 24. Bd3 b5 25. Qf4 Re6 26. Rxe6 fxe6 27. Nfe3 Bxd3 28. Rxd3 e5 29. Qf5 Qxf5 30. Nxf5 exd4 31. Ncxd4 c5 32. Nxb5 Nxb3+ 33. Kc2 c4 34. Rd7 Nc5 35. Rd4 Re8 36. Ne3 Rb8 37. Nxa3 Ne6 38. Naxc4 Nxd4+ 39. cxd4 Ra8 40. Kb3 Kf7 41. d5 Bc5 42. Nf5 Bxf2 43. Ncd6+ Kf8 44. a4 Bc5 45. Ne4 Be7 46. d6 Bd8 47. Nc5 Kf7 48. Kc4 g6 49. Ne3 gxh5 50. gxh5 f5 51. Nd5 f4 52. Nxf4 Kf6 53. Nd5+ Kg5 54. d7 Kxh5 55. Nf4+ Kg4 56. Nfe6 h5 57. Nxd8 Rxd8 58. Kd5 h4 59. Ke6 h3 60. Nd3 h2 61. Ke7 Rxd7+ 62. Kxd7 Kg3 63. Ne5 h1=Q 64. Nc6 Qd5+ 65. Kc7 Qf7+ 66. Kb6 Qb3+ 67. Kc5 Qxa4 68. Nd4 Qa3+ 69. Kc4 Qa1 70. Kd3 Qa8 71. Ke3 Qh8 72. Kd3 Qg8 73. Ke4 Kg4 74. Ke5 Qh8+ 75. Ke4 Kg5 76. Kd5 Kf6 77. Ne6 Qg8 78. Kd6 Qxe6+ 0-1


[Site "https://www.chess.com"]

[Event "Titled Tuesday Blitz August 31 2021"]
[White "Wagner, Dennis"]
[Black "Chasin, Nico"]
[WhiteFideId "24650684"]
[BlackFideId "30908477"]
[WhiteElo "2355"]
[BlackElo "2065"]
[Result "1-0"]
[Round "06"]
[TimeControl "180+1"]
[Date "2021.08.31"]
[WhiteClock "0:00:02"]
[BlackClock "0:00:55"]

1. e4 c5 2. c3 Nf6 3. e5 Nd5 4. Nf3 d6 5. exd6 e6 6. g3 Bxd6 7. Bg2 Nc6 8. O-O O-O 9. d4 Nf6 10. Be3 Qe7 11. Nbd2 Rd8 12. Nc4 Bc7 13. Qe2 cxd4 14. Nxd4 Nxd4 15. Bxd4 Nd5 16. Rfe1 b5 17. Ne3 Bb7 18. Nf5 Qg5 19. Ne3 a6 20. h4 Qg6 21. Ng4 Rac8 22. Ne5 Qh6 23. Qg4 f6 24. Qxe6+ 1-0


[Site "https://www.chess.com"]

[Event "Titled Tuesday Blitz August 31 2021"]
[White "Weetik, Vjacheslav"]
[Black "Vasli, Aref"]
[WhiteFideId "4153472"]
[BlackFideId "417521"]
[WhiteElo "2469"]
[BlackElo "2257"]
[Result "0-1"]
[Round "06"]
[TimeControl "180+1"]
[Date "2021.08.31"]
[WhiteClock "0:00:01"]
[BlackClock "0:00:21"]

1. d4 Nf6 2. Bf4 g6 3. Nf3 Bg7 4. Nc3 O-O 5. e4 d6 6. h3 c5 7. dxc5 Qa5 8. Bd3 Qxc5 9. O-O Nc6 10. Qd2 Re8 11. Rfe1 Ne5 12. Nxe5 dxe5 13. Be3 Qc7 14. Nb5 Qb8 15. a4 a6 16. Na3 Be6 17. a5 Nh5 18. Bc4 Qc8 19. Qb4 Nf4 20. Qb3 Qc6 21. Bxf4 Bxc4 22. Nxc4 exf4 23. e5 Rac8 24. Ra4 Red8 25. c3 Qe6 26. Rb4 f3 27. Nb6 Qxb3 28. Rxb3 Rc5 29. e6 Rxa5 30. gxf3 Rc5 31. Kf1 Rc6 32. exf7+ Kxf7 33. Re4 Bf6 34. Ke2 Rdd6 35. Reb4 Re6+ 36. Kf1 h5 37. Nd5 b5 38. Ne3 Bg5 39. Re4 Rxe4 40. fxe4 Bxe3 41. fxe3 Ke6 42. Ke2 Ke5 43. Rb4 Rc4 44. Rb3 Kxe4 0-1


[Site "https://www.chess.com"]

[Event "Titled Tuesday Blitz August 31 2021"]
[White "Yeletsky, Ivan"]
[Black "Jaracz, Pawel"]
[WhiteFideId "24180327"]
[BlackFideId "1102222"]
[WhiteElo "2344"]
[BlackElo "2495"]
[Result "1-0"]
[Round "06"]
[TimeControl "180+1"]
[Date "2021.08.31"]
[WhiteClock "0:00:17"]
[BlackClock "0:00:02"]

1. e4 e5 2. Nf3 Nc6 3. Bc4 Bc5 4. c3 Nf6 5. d3 d6 6. O-O h6 7. a4 a5 8. Re1 O-O 9. Nbd2 Bb6 10. Bb3 Ng4 11. Re2 Kh7 12. Nc4 Ba7 13. h3 Nf6 14. Be3 Be6 15. Bxa7 Rxa7 16. d4 exd4 17. Nxd4 Bd7 18. Qd2 Ra8 19. f4 Nxd4 20. Qxd4 Bc6 21. Rae1 Nd7 22. Bc2 Kg8 23. Ne3 Qf6 24. Qxf6 Nxf6 25. Ng4 Nxg4 26. hxg4 Rfe8 27. Kf2 f6 28. Rh1 Re7 29. g5 fxg5 30. fxg5 Rf8+ 31. Ke1 Rfe8 32. gxh6 Bxe4 33. Bb3+ Kh7 34. hxg7+ Kxg7 35. Rh4 Bc6 36. Rxe7+ Rxe7+ 37. Kd2 Kf6 38. Rf4+ Ke5 39. Rg4 Kf5 40. Rg8 Kf4 41. g3+ Kf3 42. Bd1+ 1-0


[Site "https://www.chess.com"]

[Event "Titled Tuesday Blitz August 31 2021"]
[White "Zemach, Roee"]
[Black "Maiorov, Nikita"]
[WhiteFideId "2818531"]
[BlackFideId "13501720"]
[WhiteElo "2131"]
[BlackElo "2440"]
[Result "0-1"]
[Round "06"]
[TimeControl "180+1"]
[Date "2021.08.31"]
[WhiteClock "0:00:04"]
[BlackClock "0:00:12"]

1. d4 Nf6 2. Nf3 e6 3. c4 b6 4. a3 Bb7 5. Nc3 d5 6. e3 Be7 7. Be2 O-O 8. O-O Nbd7 9. b3 a6 10. Bb2 Bd6 11. Qc2 c5 12. dxc5 bxc5 13. Rfd1 Qe7 14. h3 Rfe8 15. Bd3 Rad8 16. e4 d4 17. Ne2 a5 18. Bc1 e5 19. Ng3 g6 20. Bd2 Ra8 21. Rdb1 Nf8 22. Rb2 N6d7 23. Rab1 Ne6 24. Qc1 Bc6 25. Qe1 Bc7 26. Nh2 Nf4 27. Bf1 h5 28. Nh1 Nf6 29. f3 Nh7 30. Nf2 Qg5 31. Kh1 Qf6 32. Nd3 Nxd3 33. Bxd3 Ng5 34. Qg3 Ne6 35. Nf1 Kh7 36. Qe1 Rg8 37. Ng3 Nf4 38. Bxf4 exf4 39. Ne2 Be5 40. b4 axb4 41. axb4 Ra3 42. Rb3 cxb4 43. Rxa3 bxa3 44. Rb6 Qd6 45. Qa1 Ra8 46. Nc1 Qc5 47. Rb3 Qa5 48. Qa2 Qe1+ 49. Kh2 Qxc1 50. c5 Qxc5 51. Rb1 Bd7 52. Qxf7+ Kh6 53. Qxd7 Qc7 54. Qd5 Ra5 55. Qg8 a2 56. Ra1 Qc3 57. Bc4 Qxa1 58. Bf7 Bg7 59. Qb8 Qe1 60. Qd6 Qg3+ 61. Kh1 a1=Q# 0-1


[Site "https://www.chess.com"]

[Event "Titled Tuesday Blitz August 31 2021"]
[White "Abdusattorov, Nodirbek"]
[Black "Boyer, Mahel"]
[WhiteFideId "14204118"]
[BlackFideId "45102422"]
[WhiteElo "2662"]
[BlackElo "2328"]
[Result "1/2-1/2"]
[Round "07"]
[TimeControl "180+1"]
[Date "2021.08.31"]
[WhiteClock "0:00:04"]
[BlackClock "0:00:06"]

1. e4 Nc6 2. Nf3 d5 3. exd5 Qxd5 4. Nc3 Qh5 5. Bb5 Bg4 6. Bxc6+ bxc6 7. d3 e6 8. Ne4 Nf6 9. Ng3 Qd5 10. h3 Bxf3 11. Qxf3 Qxf3 12. gxf3 Nd5 13. Ke2 f5 14. c4 Nb4 15. Be3 c5 16. f4 Bd6 17. h4 Kd7 18. h5 g5 19. fxg5 f4 20. Ne4 fxe3 21. fxe3 Be7 22. Rag1 Nc6 23. g6 hxg6 24. Rxg6 Rag8 25. Rxg8 Rxg8 26. h6 Ne5 27. Rh5 Nf7 28. h7 Rh8 29. Kf3 Ke8 30. Kf4 Bd6+ 31. Kf3 Ke7 32. Ke2 Ne5 33. d4 cxd4 34. c5 d3+ 35. Kd2 Nf3+ 36. Kxd3 Be5 37. Ke2 Rf8 38. b4 Ng1+ 39. Kd3 Rd8+ 40. Kc4 Nf3 41. Kb5 Rb8+ 42. Ka6 Bh8 43. b5 Ne5 44. a4 Nc4 45. Kxa7 Rd8 46. Kb7 Nxe3 47. Kxc7 Nd5+ 48. Kb7 Rd7+ 49. Ka6 Nc7+ 50. Ka5 Rd4 51. b6 Rxe4 52. bxc7 Kd7 53. Rh3 Kxc7 54. Kb5 Re1 55. Rf3 Rb1+ 56. Kc4 Kc6 57. Rf8 Rc1+ 58. Kb3 Be5 59. h8=Q Bxh8 60. Rxh8 Rxc5 61. Kb4 Rf5 62. Rc8+ Kb6 63. Re8 Rf4+ 64. Kb3 Kc5 65. Rxe6 Rf3+ 66. Kb2 Kb4 67. Re4+ Ka5 68. Kc2 Rg3 69. Kd2 Ra3 70. Kc2 Rxa4 71. Rxa4+ Kxa4 1/2-1/2


[Site "https://www.chess.com"]

[Event "Titled Tuesday Blitz August 31 2021"]
[White "Aditya Mittal"]
[Black "Leenhouts, Koen"]
[WhiteFideId "35042025"]
[BlackFideId "1008439"]
[WhiteElo "2668"]
[BlackElo "2490"]
[Result "0-1"]
[Round "07"]
[TimeControl "180+1"]
[Date "2021.08.31"]
[WhiteClock "0:01:19"]
[BlackClock "0:00:28"]

1. d4 d5 2. c4 c6 3. Nc3 Nf6 4. cxd5 cxd5 5. f3 Nc6 6. e4 e6 7. e5 Nd7 8. f4 Nb6 9. Nf3 Bd7 10. Bd3 Rc8 11. O-O Be7 12. Qe1 f5 13. exf6 Bxf6 14. Be3 O-O 15. Rd1 Nc4 16. Bxc4 dxc4 17. Ne5 Ne7 18. d5 Bxe5 19. dxe6 Bxc3 20. Qxc3 Rc7 21. Bxa7 Qa8 22. Bb6 Bxe6 23. Bxc7 b5 24. Bd6 Nd5 25. Rxd5 Qxd5 26. Bxf8 Kxf8 27. f5 Qc5+ 28. Kh1 Bd5 29. f6 g6 30. Qe5 Bxg2+ 31. Kxg2 Qxe5 32. Rf2 Qd5+ 33. Kg3 Kf7 34. a3 Qe5+ 35. Kg2 h5 36. h4 Qe4+ 37. Kg3 Qg4+ 38. Kh2 Qxh4+ 39. Kg2 Qg4+ 40. Kf1 Qd1+ 41. Kg2 g5 0-1


[Site "https://www.chess.com"]

[Event "Titled Tuesday Blitz August 31 2021"]
[White "Andreikin, Dmitry"]
[Black "Fier, Alexandr"]
[WhiteFideId "4158814"]
[BlackFideId "2107139"]
[WhiteElo "2782"]
[BlackElo "2569"]
[Result "1-0"]
[Round "07"]
[TimeControl "180+1"]
[Date "2021.08.31"]
[WhiteClock "0:00:09"]
[BlackClock "0:00:13"]

1. Nf3 d5 2. d4 Nf6 3. c4 e6 4. Nc3 c6 5. g3 dxc4 6. Bg2 Nbd7 7. O-O b5 8. e4 Be7 9. d5 cxd5 10. exd5 exd5 11. Nxd5 Nxd5 12. Qxd5 Rb8 13. Bf4 Rb6 14. Be3 Bb7 15. Bxb6 Qxb6 16. Qd4 Bxf3 17. Qxb6 Nxb6 18. Bxf3 O-O 19. Rad1 Bf6 20. b3 c3 21. Be4 g6 22. Bc2 Re8 23. Rfe1 Rxe1+ 24. Rxe1 Nd5 25. a3 Kf8 26. Kf1 Nb6 27. Re4 Be7 28. a4 bxa4 29. bxa4 a5 30. Ke2 Nd5 31. Bb3 Nb4 32. Kd1 Nd3 33. Kc2 f5 34. Re2 Nc5 35. Kxc3 Ne4+ 36. Kc4 Bb4 37. Bc2 Nf6 38. h3 h5 39. f3 Kf7 40. Bb3 Nh7 41. Kb5+ Kf8 42. Re6 Kg7 43. Ra6 Ng5 44. Rxa5 Bxa5 45. Kxa5 Nxh3 46. f4 h4 47. gxh4 Nxf4 48. Kb6 Ng2 49. a5 Nxh4 50. a6 g5 51. a7 g4 52. a8=Q Kg6 53. Qg8+ Kh6 54. Qh8+ Kg5 55. Qd8+ Kh5 56. Bf7+ 1-0


[Site "https://www.chess.com"]

[Event "Titled Tuesday Blitz August 31 2021"]
[White "Arabidze, Meri"]
[Black "Tomiello, Mateus Costamilan"]
[WhiteFideId "13604040"]
[BlackFideId "22701958"]
[WhiteElo "2432"]
[BlackElo "1975"]
[Result "1-0"]
[Round "07"]
[TimeControl "180+1"]
[Date "2021.08.31"]
[WhiteClock "0:00:20"]
[BlackClock "0:00:03"]

1. Nf3 Nf6 2. d4 d5 3. c4 c6 4. g3 g6 5. Bg2 Bg7 6. O-O O-O 7. b3 Bf5 8. Bb2 Ne4 9. Nbd2 Nxd2 10. Qxd2 Be4 11. Rfd1 Nd7 12. Rac1 a5 13. a3 Qb6 14. Qc3 Nf6 15. Bh3 Rfd8 16. Ne5 Bf5 17. Bxf5 gxf5 18. Rb1 e6 19. Qf3 Ne4 20. Kg2 f6 21. Nd3 Qxb3 22. cxd5 Qxd5 23. Nf4 Qd6 24. a4 Bh6 25. Ba3 Qd7 26. Rd3 Kh8 27. Rdb3 Rab8 28. Rb6 Nd2 29. Qe3 Nxb1 30. Rxb1 Re8 31. Bc5 e5 32. dxe5 fxe5 33. Qc3 Bxf4 34. gxf4 Qd5+ 35. f3 Rg8+ 36. Kf2 Rg7 37. Qxe5 Qxe5 38. fxe5 Re8 39. f4 Rd7 40. Bd6 Kg8 41. e4 fxe4 42. Ke3 Kf7 43. Kd4 Re6 44. f5 Rh6 45. Kxe4 Rh4+ 46. Kf3 1-0


[Site "https://www.chess.com"]

[Event "Titled Tuesday Blitz August 31 2021"]
[White "Assaubayeva, Bibisara"]
[Black "Manukyan, Artyom"]
[WhiteFideId "13708694"]
[BlackFideId "13305786"]
[WhiteElo "2232"]
[BlackElo "2034"]
[Result "1-0"]
[Round "07"]
[TimeControl "180+1"]
[Date "2021.08.31"]
[WhiteClock "0:01:25"]
[BlackClock "0:00:09"]

1. d4 d5 2. c4 e6 3. Nc3 Nf6 4. cxd5 exd5 5. Bg5 c6 6. e3 Qb6 7. Qc2 Ne4 8. Bf4 Bf5 9. Bd3 Na6 10. a3 Qa5 11. Rb1 Nxc3 12. bxc3 Bxd3 13. Qxd3 Qxa3 14. Rxb7 Nb4 15. Qb1 Qxc3+ 16. Kf1 a5 17. Ne2 Qd3 18. Rxb4 axb4 19. Qxd3 Ra1+ 20. Nc1 Rxc1+ 21. Ke2 Rg1 22. Rxg1 Be7 23. Rc1 O-O 24. Rxc6 Ra8 25. Bd6 h5 26. Bxe7 Ra2+ 27. Kf3 Rxf2+ 28. Kxf2 g5 29. Bf6 1-0


[Site "https://www.chess.com"]

[Event "Titled Tuesday Blitz August 31 2021"]
[White "Baches Garcia, Guillermo"]
[Black "Erdogdu, Mert"]
[WhiteFideId "2209764"]
[BlackFideId "6301495"]
[WhiteElo "2518"]
[BlackElo "2485"]
[Result "0-1"]
[Round "07"]
[TimeControl "180+1"]
[Date "2021.08.31"]
[WhiteClock "0:00:06"]
[BlackClock "0:00:12"]

1. e4 c5 2. Nf3 d6 3. d4 cxd4 4. Qxd4 Nc6 5. Bb5 Bd7 6. Qd3 Nf6 7. c4 g6 8. Nc3 Bg7 9. O-O O-O 10. h3 Rc8 11. Be3 a6 12. Bxc6 Bxc6 13. Nd4 Nd7 14. Rac1 Nc5 15. Qb1 Bd7 16. Rfd1 f5 17. exf5 gxf5 18. b4 f4 19. bxc5 fxe3 20. fxe3 Rxc5 21. Qxb7 Rg5 22. Kh1 Rf2 23. Ne4 Rgxg2 24. Nxf2 Rxf2 25. Rg1 Kh8 26. Rg2 Rxg2 27. Qxg2 e5 28. Nc6 Qh4 29. Rb1 h5 30. Rb7 Bxc6 31. Qxc6 Qxh3+ 32. Kg1 Qxe3+ 33. Kh1 Qh3+ 34. Kg1 Qg4+ 35. Kh1 e4 36. Qd7 Qf3+ 37. Kg1 Bd4+ 38. Kh2 Be5+ 39. Kg1 Qg3+ 40. Kf1 Qf3+ 41. Ke1 Bc3# 0-1


[Site "https://www.chess.com"]

[Event "Titled Tuesday Blitz August 31 2021"]
[White "Bazarov, Konstantin"]
[Black "Mirzoev, Azer"]
[WhiteFideId "4137000"]
[BlackFideId "13400304"]
[WhiteElo "2540"]
[BlackElo "2688"]
[Result "1-0"]
[Round "07"]
[TimeControl "180+1"]
[Date "2021.08.31"]
[WhiteClock "0:00:18"]
[BlackClock "0:00:05"]

1. d4 d5 2. c4 e6 3. Nc3 Nf6 4. Bg5 Be7 5. Nf3 h6 6. Bh4 c6 7. e3 O-O 8. Qc2 Nbd7 9. Rb1 b6 10. b4 Bb7 11. c5 a5 12. a3 Ba6 13. Bxa6 Rxa6 14. O-O Qa8 15. Ne5 Re8 16. f4 axb4 17. axb4 Ra3 18. Rfe1 Nxe5 19. fxe5 Nd7 20. Bf2 Rb8 21. e4 Nf8 22. Rf1 Bd8 23. Ne2 Ra2 24. Qd3 Bg5 25. h4 Bd8 26. Nf4 bxc5 27. dxc5 Ra3 28. Qe2 dxe4 29. Qxe4 Ra2 30. Nh5 Ng6 31. Qg4 Bc7 32. Bg3 Ra3 33. Rxf7 Kxf7 34. Rf1+ 1-0


[Site "https://www.chess.com"]